 Dungeon Crawl Stone Soup version 0.23-a0-625-g1d2cd9b (webtiles) character file.

1360 zishaf the Thaumaturge (level 8, -2/58 HPs)
             Began as a Gnoll Wizard on Dec 24, 2018.
             Was an Initiate of Dithmenos.
             Slain by a wraith (12 damage)
             ... created by the anger of Yredelemnul
             ... on level 7 of the Dungeon.
             The game lasted 00:14:42 (6231 turns).

zishaf the Thaumaturge (Gnoll Wizard)               Turns: 6231, Time: 00:14:43

Health: -2/58      AC:  3    Str: 13    XL:     8   Next: 64%
Magic:  20/20      EV: 15    Int: 22    God:    Dithmenos [......]
Gold:   428        SH:  0    Dex: 15    Spells: 18/23 levels left

rFire    . . .     SeeInvis .   A - +2 falchion (holy)
rCold    . . .     Gourm    .   (no shield)
rNeg     . . .     Faith    .   j - +0 leather armour
rPois    .         Spirit   .   b - +0 hat
rElec    .         Reflect  .   (no cloak)
rCorr    .         Harm     .   (no gloves)
MR       +....                  (no boots)
Stlth    +++.......             h - amulet of regeneration
HPRegen  0.59/turn              x - ring of protection from magic
MPRegen  0.17/turn              y - +4 ring of strength

@: slowed, very slow
A: distributed training, fangs 1, strong nose
a: Renounce Religion


You were on level 7 of the Dungeon.
You worshipped Dithmenos.
Dithmenos was noncommittal.
You were not hungry.

You visited 2 branches of the dungeon, and saw 8 of its levels.

You collected 428 gold pieces.

Inventory:

Hand Weapons
 c - a +1 hand axe of freezing
 p - a +3 spear of venom
 A - a +2 falchion of holy wrath (weapon)
Missiles
 i - 7 tomahawks (quivered)
Armour
 a - a +0 robe
 b - a +0 hat (worn)
 j - a +0 leather armour (worn)
Jewellery
 g - an uncursed ring of ice
 h - an amulet of regeneration (around neck)
 t - a +3 ring of strength
 x - a ring of protection from magic (left hand)
 y - a +4 ring of strength (right hand)
Wands
 w - a wand of random effects (13)
Scrolls
 e - 2 scrolls of fog {unknown}
 f - 3 scrolls of teleportation {unknown}
 o - 5 scrolls of remove curse
 q - a scroll of random uselessness {unknown}
 r - 5 scrolls of enchant weapon
Potions
 k - a potion of lignification
 l - a potion of might
 m - 2 potions of brilliance
 n - 3 potions of berserk rage {unknown}
 s - a potion of agility
 u - a potion of resistance
 v - a potion of ambrosia {unknown}
 z - a potion of flight {unknown}
Comestibles
 d - 8 rations


   Skills:
 + Level 3.4 Fighting
 + Level 3.4 Short Blades
 + Level 3.4 Long Blades
 + Level 3.4 Axes
 + Level 3.4 Maces & Flails
 + Level 3.4 Polearms
 + Level 3.4 Staves
 + Level 3.4 Slings
 + Level 3.4 Bows
 + Level 3.4 Crossbows
 + Level 3.4 Throwing
 + Level 3.4 Armour
 + Level 5.7 Dodging
 + Level 5.4 Stealth
 + Level 3.4 Shields
 + Level 3.4 Unarmed Combat
 + Level 8.0 Spellcasting
 + Level 3.5 Conjurations
 + Level 2.7 Hexes
 + Level 2.7 Charms
 + Level 3.5 Summonings
 + Level 2.7 Necromancy
 + Level 3.5 Translocations
 + Level 2.7 Transmutations
 + Level 2.7 Fire Magic
 + Level 2.7 Ice Magic
 + Level 2.7 Air Magic
 + Level 2.7 Earth Magic
 + Level 2.7 Poison Magic
 + Level 3.7 Invocations
 + Level 3.4 Evocations


You had 18 spell levels left.
You knew the following spells:

 Your Spells              Type           Power        Failure   Level  Hunger
a - Magic Dart            Conj           ###.         2%          1    None
b - Call Imp              Summ           ###.....     3%          2    None
z - Blink                 Tloc           N/A          3%          2    None

Your spell library contained the following spells:

 Spells                   Type           Power        Failure   Level  Hunger
 Slow                     Hex            ###.....     4%          2    None
 Conjure Flame            Conj/Fire      ###.....     8%          3    None
 Mephitic Cloud           Conj/Pois/Air  ###.....     8%          3    None


Dungeon Overview and Level Annotations

Branches:
Dungeon (7/15)             Temple (1/1) D:6

Altars:
Ashenzari
Cheibriados
Dithmenos
Elyvilon
Fedhas
Gozag
Hepliaklqana
Kikubaaqudgha
Makhleb
Okawaru
Qazlal
Sif Muna
Trog
Uskayaw
Vehumet
Wu Jian
Yredelemnul
Zin
The Shining One


Innate Abilities, Weirdness & Mutations

Your experience applies equally to all skills.
You have very sharp teeth.
Your uncanny sense of smell can sniff out nearby items.


Message History

The wraith closely misses you.
You hit the wraith.
The wraith convulses.
The wraith is severely damaged.
The wraith hits you but does no damage. The wraith closely misses you.
All of the chunks of flesh in your inventory have rotted away.
You hit the wraith but do no damage.
The wraith is severely damaged.
The wraith hits you.
* * * LOW HITPOINT WARNING * * *
The wraith drains your vigour!
You feel as though you will be slow longer.
Your crimson imp blinks!
The wraith barely misses you.
You hit the wraith but do no damage.
The wraith is severely damaged.
You hear the faint creaking of a distant portcullis.
The wraith misses you.
Your crimson imp blinks!
The wraith hits you!
You die...

.# .#
.# #
.#.#
ยง#.#
...
##)#
#@.#
#)W#
#..#
#))#
....
####.
. #


You could see a wraith.

Vanquished Creatures
  Prince Ribbit (D:6)
  Sigmund (D:5)
  Eustachio (D:6)
  Edmund (D:6)
  An ice beast (D:5)
  An ogre (D:5)
  A centaur (D:6)
  2 scorpions
  A howler monkey (D:4)
  2 crimson imps
  An orc priest (D:7)
  2 hounds
  An iguana (D:5)
  A worker ant (D:6)
  5 adders
  A howler monkey skeleton (D:6)
  3 worms
  3 leopard geckos
  An orc (D:7)
  7 giant cockroaches
  4 goblins
  10 hobgoblins
  25 jackals
  7 kobolds
  5 bats
  6 frilled lizards
  2 rats (D:2)
96 creatures vanquished.

Vanquished Creatures (collateral kills)
  A black bear (D:7)
  A scorpion (D:6)
  An orc wizard (D:7)
  Jessica (D:2)
  Terence (D:2)
  An iguana (D:5)
  2 adders (D:2)
  A worm (D:2)
  3 orcs
  A bat (D:2)
  A giant cockroach (D:2)
  A hobgoblin (D:2)
  2 jackals
  A ball python (D:5)
  A rat (D:2)
19 creatures vanquished.

Vanquished Creatures (others)
  A sky beast (D:6)
1 creature vanquished.

Grand Total: 116 creatures vanquished

Notes
Turn   | Place    | Note
-------+----------+-------------------------------------------
     0 | D:1      | zishaf the Gnoll Wizard began the quest for the Orb.
     0 | D:1      | Reached XP level 1. HP: 13/13 MP: 8/8
   252 | D:1      | Reached XP level 2. HP: 19/19 MP: 6/10
   285 | D:1      | Learned a level 2 spell: Blink
   288 | D:1      | Learned a level 2 spell: Call Imp
  1196 | D:1      | Reached XP level 3. HP: 25/25 MP: 8/11
  1714 | D:2      | Reached skill level 1 in Invocations
  1863 | D:2      | Reached skill level 1 in Fighting
  1863 | D:2      | Reached skill level 1 in Short Blades
  1863 | D:2      | Reached skill level 1 in Long Blades
  1863 | D:2      | Reached skill level 1 in Axes
  1863 | D:2      | Reached skill level 1 in Maces & Flails
  1863 | D:2      | Reached skill level 1 in Polearms
  1863 | D:2      | Reached skill level 1 in Staves
  1863 | D:2      | Reached skill level 1 in Slings
  1863 | D:2      | Reached skill level 1 in Bows
  1863 | D:2      | Reached skill level 1 in Crossbows
  1863 | D:2      | Reached skill level 1 in Throwing
  1863 | D:2      | Reached skill level 1 in Armour
  1863 | D:2      | Reached skill level 1 in Shields
  1863 | D:2      | Reached skill level 1 in Unarmed Combat
  1863 | D:2      | Reached skill level 1 in Evocations
  1930 | D:2      | Reached XP level 4. HP: 32/32 MP: 3/13
  2009 | D:2      | Noticed Jessica
  2017 | D:2      | Killed Jessica
  2151 | D:2      | Reached skill level 1 in Hexes
  2151 | D:2      | Reached skill level 1 in Charms
  2151 | D:2      | Reached skill level 1 in Necromancy
  2151 | D:2      | Reached skill level 1 in Transmutations
  2151 | D:2      | Reached skill level 1 in Fire Magic
  2151 | D:2      | Reached skill level 1 in Ice Magic
  2151 | D:2      | Reached skill level 1 in Air Magic
  2151 | D:2      | Reached skill level 1 in Earth Magic
  2151 | D:2      | Reached skill level 1 in Poison Magic
  2343 | D:2      | Noticed Terence
  2351 | D:2      | Killed Terence
  2351 | D:2      | Reached XP level 5. HP: 37/37 MP: 8/14
  3196 | D:3      | Found a faded altar of an unknown god.
  3249 | D:3      | Became a worshipper of Yredelemnul the Dark
  3249 | D:3      | Reached * piety under Yredelemnul
  3904 | D:4      | Reached XP level 6. HP: 39/44 MP: 16/16
  4290 | D:5      | Entered Level 5 of the Dungeon
  4468 | D:5      | Reached skill level 5 in Dodging
  4701 | D:5      | Noticed Sigmund
  4709 | D:5      | Killed Sigmund
  4709 | D:5      | Reached XP level 7. HP: 40/50 MP: 18/18
  4984 | D:6      | Found a radiant altar of Vehumet.
  5072 | D:6      | Reached ** piety under Yredelemnul
  5125 | D:6      | Reached skill level 5 in Stealth
  5219 | D:6      | Fell from the grace of Yredelemnul
  5219 | D:6      | Became a worshipper of Vehumet
  5239 | D:6      | Found a staircase to the Ecumenical Temple.
  5249 | Temple   | Entered the Ecumenical Temple
  5439 | Temple   | Fell from the grace of Vehumet
  5439 | Temple   | Became a worshipper of Dithmenos the Shadowed
  5625 | D:6      | Noticed Prince Ribbit
  5643 | D:6      | Killed Prince Ribbit
  5643 | D:6      | Reached XP level 8. HP: 50/57 MP: 8/19
  5758 | D:6      | Noticed Eustachio
  5787 | D:6      | Killed Eustachio
  5984 | D:6      | Noticed Edmund
  5999 | D:6      | Killed Edmund
  6154 | D:7      | Reached skill level 8 in Spellcasting
  6215 | D:7      | Noticed a wraith
  6231 | D:7      | Slain by a wraith

Vault maps used:
D:1:      kennysheep_arrival_seaside
D:2:      kennysheep_six_static_rooms, first_ration, uniq_jessica, uniq_terence
D:3:      chequers_ecumenical_altar_simple_redux, kennysheep_nondescript,
          kennysheep_generic_room_3
D:5:      minmay_misc_feat_room, uniq_sigmund
D:6:      fiery_altar_vehumet, minmay_temple_entry_purple_smoke,
          serial_column_ruins, column_ruins_square_medium,
          column_ruins_hut_pillars, column_ruins_grid_1,
          column_ruins_open_small, column_ruins_columns_dead_end,
          column_ruins_open_tiny, column_ruins_grid_3, uniq_eustachio,
          uniq_edmund, uniq_prince_ribbit1
D:7:      old_standard_altar, nicolae_ru_great_annihilating_truth,
          enter_bailey_2, basic_altar
Temple:   dpeg_five_rooms_temple

Skill      XL: |  1  2  3  4  5  6  7  8 |
---------------+-------------------------+-----
Conjurations   | 2 3 |  3.5
Summonings     | 2 3 |  3.5
Translocations | 2 3 |  3.5
Invocations    | 1 2 3 |  3.7
Fighting       | 1 2 3 |  3.4
Short Blades   | 1 2 3 |  3.4
Long Blades    | 1 2 3 |  3.4
Axes           | 1 2 3 |  3.4
Maces & Flails | 1 2 3 |  3.4
Polearms       | 1 2 3 |  3.4
Staves         | 1 2 3 |  3.4
Slings         | 1 2 3 |  3.4
Bows           | 1 2 3 |  3.4
Crossbows      | 1 2 3 |  3.4
Throwing       | 1 2 3 |  3.4
Armour         | 1 2 3 |  3.4
Shields        | 1 2 3 |  3.4
Unarmed Combat | 1 2 3 |  3.4
Evocations     | 1 2 3 |  3.4
Hexes          | 1 2 |  2.7
Charms         | 1 2 |  2.7
Necromancy     | 1 2 |  2.7
Transmutations | 1 2 |  2.7
Fire Magic     | 1 2 |  2.7
Ice Magic      | 1 2 |  2.7
Air Magic      | 1 2 |  2.7
Earth Magic    | 1 2 |  2.7
Poison Magic   | 1 2 |  2.7
Dodging        | 5 |  5.7
Stealth        | 5 |  5.4
Spellcasting   | 8 |  8.0

Action                   |  1- 3 |  4- 6 |  7- 9 || total
-------------------------+-------+-------+-------++-------
Melee: Unarmed           |     2 |       |       ||     2
       Hand axe          |    44 |    78 |       ||   122
       Bite              |     8 |    10 |    10 ||    28
       Spear             |       |    61 |   103 ||   164
       Punch             |       |     1 |     2 ||     3
       Falchion          |       |       |    11 ||    11
Throw: Tomahawk          |       |     3 |       ||     3
 Cast: Magic Dart        |    56 |    16 |     1 ||    73
       Call Imp          |       |    19 |    25 ||    44
Invok: Animate Remains   |       |     2 |       ||     2
  Use: Scroll            |       |     6 |     1 ||     7
 Stab: Distracted        |     1 |     1 |     1 ||     3
       Sleeping          |       |     7 |     3 ||    10
  Eat: Chunk             |     3 |     9 |     5 ||    17
Armor: Robe              |     2 |       |       ||     2
       Leather armour    |       |    34 |    18 ||    52
Dodge: Dodged            |    42 |    85 |    58 ||   185
       Rpst.: Falchion   |       |       |     1 ||     1

Table legend:
 A = Non-vault XP
 B = Vault XP
 C = Vault XP percentage of total XP
 D = Non-vault monster count
 E = Vault monster count
 F = Vault count percentage of total count
                 A         B        C        D         E       F
            +---------+---------+-------+---------+---------+-------
      Total |    1209 |     734 |  37.8 |     104 |      12 |  10.3
            +---------+---------+-------+---------+---------+-------
        D:1 |      41 |       0 |   0.0 |      24 |       0 |   0.0
        D:2 |      86 |      53 |  38.1 |      24 |       8 |  25.0
        D:3 |      32 |       0 |   0.0 |      17 |       0 |   0.0
        D:4 |     115 |       0 |   0.0 |       6 |       0 |   0.0
        D:5 |     378 |     150 |  28.4 |      13 |       1 |   7.1
        D:6 |     397 |     531 |  57.2 |      14 |       3 |  17.6
        D:7 |     160 |       0 |   0.0 |       6 |       0 |   0.0
            +---------+---------+-------+---------+---------+-------
